Map: Pillars of Gold LE

Players

SKillous - Winner!

  • Race: Protoss Protoss
  • League: Grandmaster
  • Spawn Location: 7:00

Kas

  • Race: Terran Terran
  • Spawn Location: 1:00

Event: DreamHack SC2 Masters 2020 Winter

VOD

Have the link to the VOD?

Description

Time

  • Played on: Oct. 28, 2020, 11:19 a.m.
  • Length: 8:56

All games in this series

Show
View Real Time Build Order
Export as new Build Order

SKillous Protoss - Winner!

Build Orders: 1 Gate Expand, Oracle Opening, Zealot Archon 

Get SALT Encoding   

  12  0:00  Probe  
  13  0:12  Probe  
  14  0:19  Pylon  
  14  0:24  Probe  
  15  0:37  Probe (Chrono Boost)  
  15  0:38  Gateway  
  16  0:47  Assimilator, Probe (Chrono Boost)  
  17  0:52  Probe (Chrono Boost)  
  18  1:04  Probe  
  19  1:16  Probe  
  20  1:25  Cybernetics Core  
  22  1:37  Nexus  
  22  1:39  Probe  
  21  1:46  Pylon  
  21  1:51  Probe  
  22  1:55  Assimilator  
  22  2:03  Adept (Chrono Boost), Probe  
  25  2:15  Probe  
  25  2:19  Stargate  
  26  2:27  Probe  
  26  2:28  Warp Gate  
  27  2:40  Stalker, Probe (Chrono Boost)  
  30  2:50  Probe (Chrono Boost)  
  32  2:51  Probe (Chrono Boost)  
  34  2:59  Probe x2 (Chrono Boost)  
  34  3:03  Oracle (Chrono Boost)  
  34  3:06  Probe x2  
  39  3:18  Probe x2  
  41  3:30  Gateway, Probe x2  
  43  3:40  Gateway  
  43  3:42  Twilight Council, Probe  
  43  3:44  Probe  
  43  3:52  Pylon  
  43  3:54  Probe  
  44  3:59  Nexus  
  44  4:00  Probe  
  45  4:06  Pylon, Probe  
  46  4:12  Blink (Chrono Boost)  
  46  4:13  Probe (Chrono Boost)  
  46  4:14  Assimilator  
  47  4:19  Probe (Chrono Boost)  
  48  4:24  Pylon  
  48  4:27  Stalker  
  48  4:30  Probe x2 (Chrono Boost)  
  52  4:36  Probe (Chrono Boost)  
  52  4:37  Forge, Probe (Chrono Boost)  
  54  4:47  Probe  
  56  4:52  Probe  
  56  4:59  Probe  
  57  5:02  Gateway  
  57  5:03  Protoss Ground Armor Level 1 (Chrono Boost)  
  57  5:04  Gateway x2  
  57  5:05  Probe  
  58  5:07  Gateway  
  58  5:11  Probe  
  58  5:13  Probe  
  60  5:16  Gateway  
  60  5:17  Probe  
  60  5:20  Stalker  
  60  5:23  Probe  
  60  5:25  Stalker  
  60  5:26  Probe  
  64  5:29  Shield Battery  
  64  5:31  Probe  
  64  5:34  Shield Battery, Oracle (Chrono Boost)  
  65  5:38  Probe  
  65  5:41  Probe  
  70  5:43  Pylon  
  70  5:45  Assimilator  
  70  5:46  Sentry  
  70  5:47  Sentry  
  70  5:48  Probe  
  75  5:51  Stalker  
  75  5:53  Pylon  
  77  5:59  Charge (Chrono Boost)  
  77  6:01  Stalker x2  
  81  6:06  Probe  
  81  6:07  Pylon  
  81  6:10  Robotics Facility  
  82  6:11  Pylon  
  82  6:14  Zealot  
  84  6:28  Zealot x6  
  84  6:31  Pylon  
  96  6:35  Pylon  
  96  6:39  Pylon  
  96  6:42  Pylon, Templar Archives  
  96  6:50  Zealot x5  
  106  7:01  Immortal (Chrono Boost)  
  110  7:09  Zealot x3  
  110  7:12  Zealot x4  
  110  7:14  Zealot  
  126  7:26  Pylon  
  126  7:29  High Templar x2  
  130  7:31  Immortal (Chrono Boost)  
  130  7:35  Zealot x2  
  130  7:36  Zealot x3  
  141  7:42  Archon, Pylon  
  141  7:45  Zealot  
  141  7:46  Pylon  
  143  7:55  Probe x2  
  143  7:57  Gateway  
  145  7:59  Gateway, Zealot x4  
  153  8:09  Probe (Chrono Boost)  
  153  8:11  Assimilator  
  153  8:12  Assimilator  
  126  8:14  Probe x2 (Chrono Boost)  
  126  8:15  Zealot x3  
  106  8:22  Probe (Chrono Boost)  
  106  8:27  Zealot x5  
  107  8:29  Probe  
  110  8:44  Zealot  
  110  8:45  Zealot x2  
Show
View Real Time Build Order
Export as new Build Order

Kas Terran 

Build Orders:  

Get SALT Encoding   

  12  0:00  SCV  
  13  0:12  SCV  
  14  0:18  Supply Depot  
  14  0:24  SCV  
  15  0:40  SCV  
  15  0:42  Barracks  
  16  0:46  Refinery  
  16  0:52  SCV  
  17  1:04  SCV  
  18  1:16  SCV  
  20  1:34  Reaper  
  20  1:36  Orbital Command  
  20  1:47  Command Center  
  20  1:57  Supply Depot  
  20  2:02  SCV  
  20  2:06  Marine  
  22  2:14  SCV  
  23  2:15  Factory  
  23  2:25  Barracks Reactor  
  23  2:26  Bunker  
  23  2:33  SCV  
  23  2:35  Refinery  
  24  2:45  SCV  
  25  2:57  SCV  
  26  3:01  Starport  
  26  3:02  Marine  
  26  3:03  Marine, Orbital Command  
  28  3:07  Factory Tech Lab  
  28  3:10  SCV  
  29  3:26  SCV  
  30  3:29  Cyclone  
  30  3:31  Marine x2  
  30  3:33  SCV  
  35  3:42  SCV  
  35  3:45  Starport Tech Lab  
  36  3:49  Marine x2  
  36  3:50  SCV  
  36  3:52  Supply Depot  
  39  3:56  Barracks  
  39  4:01  SCV  
  40  4:04  SCV  
  40  4:05  Barracks  
  40  4:09  Marine x2  
  42  4:13  SCV  
  42  4:15  Raven  
  46  4:18  SCV  
  47  4:24  Supply Depot  
  47  4:25  SCV  
  47  4:28  Siege Tank  
  51  4:32  SCV  
  51  4:33  Marine  
  51  4:34  Marine  
  54  4:45  Supply Depot  
  54  4:46  SCV x2  
  54  4:48  Refinery  
  54  4:52  Engineering Bay  
  56  4:55  Marine x2  
  56  4:58  SCV  
  56  4:59  SCV  
  60  5:05  Stimpack  
  60  5:06  Starport Reactor  
  60  5:10  Marine x2, SCV  
  60  5:11  Supply Depot  
  60  5:13  Marine  
  64  5:14  Refinery  
  64  5:15  Combat Shield  
  64  5:18  SCV  
  65  5:22  Factory Tech Lab  
  65  5:23  SCV  
  65  5:26  Marine  
  67  5:30  SCV  
  67  5:31  Terran Infantry Weapons Level 1  
  67  5:32  Supply Depot  
  67  5:34  Supply Depot  
  68  5:37  Marine x2  
  68  5:38  Marine  
  68  5:40  SCV  
  68  5:42  SCV  
  73  5:44  Siege Tank  
  73  5:45  Marine  
  77  5:52  SCV  
  80  5:57  Marauder x2, Marine  
  80  6:02  Supply Depot  
  80  6:03  Marine  
  84  6:05  Supply Depot  
  84  6:06  Medivac  
  84  6:08  Medivac  
  88  6:15  Marine  
  88  6:18  Siege Tank  
  92  6:21  Marine  
  92  6:24  Marauder x2  
  97  6:27  SCV  
  97  6:31  Supply Depot  
  98  6:33  Barracks x2  
  98  6:35  Marine  
  98  6:37  Concussive Shells  
  98  6:38  SCV  
  98  6:39  SCV  
  101  6:50  Siege Tank  
  101  6:51  SCV  
  101  6:52  Supply Depot  
  105  7:03  Marauder  
  105  7:04  Marauder, Marine x2  
  105  7:05  SCV  
  109  7:20  Marine x2  
  109  7:22  Medivac x2  
  115  7:24  Siege Tank, Marine  
  115  7:25  Marine, Marauder x2  
  115  7:27  Supply Depot  
  115  7:28  Supply Depot  
  124  7:46  Marauder  
  124  7:49  Marine x3, Marauder  
  131  7:55  Marine  
  131  7:56  Medivac x2  
  136  8:02  Supply Depot x2  
  136  8:06  Marine  
  136  8:08  Marauder  
  136  8:11  Marauder  
  110  8:17  Marine  
  110  8:18  Marine  
  79  8:20  Marine  
  79  8:22  Siege Tank  
  79  8:24  Marine  
  76  8:28  Marine  
  76  8:31  Marine  
  81  8:35  Marine x2  
Tags
 
Add a new tag
Caveats
  • Supply blocks, unpowered buildings, or Contaminate may cause inaccurate times.
  • Supply counts are checked every 10 seconds.